 Dungeon Crawl Stone Soup version 0.25.0-46-gbd7b0854d2 (webtiles) character file.

Game seed: 18017435375082463049

3 Milting the Insei (level 1, -4/13 HPs)
             Began as an Octopode Transmuter on July 13, 2020.
             Slain by a leopard gecko (5 damage)
             ... on level 1 of the Dungeon.
             The game lasted 00:00:27 (64 turns).

Milting the Insei (Octopode Transmuter)               Turns: 64, Time: 00:00:28

Health: -4/13      AC:  1    Str:  9    XL:     1   Next: 50%
Magic:  3/3        EV: 13    Int: 15    God:
Gold:   0          SH:  0    Dex: 12    Spells: 3/4 levels left

rFire    . . .     SeeInvis .     - Unarmed
rCold    . . .     Gourm    .   (no shield)
rNeg     . . .     Faith    .   (helmet restricted)
rPois    .         Spirit   .   (no amulet)
rElec    .         Reflect  .   (no ring)
rCorr    .         Harm     .   (no ring)
MR       .....                  (no ring)
Stlth    ++........             (no ring)
HPRegen  0.04/turn              (no ring)
MPRegen  0.08/turn              (no ring)
                                (no ring)
                                (no ring)

@: no status effects
A: almost no armour, stealthy swim, amphibious, 8 rings, constrict 8, camouflage
1, gelatinous body 1
a: no special abilities


You were on level 1 of the Dungeon.
You were not hungry.

You visited 1 branch of the dungeon, and saw 1 of its levels.

Inventory:

Missiles
 a - 12 arrows
 e - 24 bolts
 g - 15 stones (quivered)
Scrolls
 b - a scroll of magic mapping {unknown}
Potions
 d - a potion of stabbing {unknown}
 f - a potion of might {unknown}
Comestibles
 c - 3 rations


   Skills:
 - Level 1.0 Fighting
 - Level 2.0 Dodging
 - Level 3.0 Unarmed Combat
 + Level 2.2 Spellcasting
 - Level 2.0 Transmutations


You had 3 spell levels left.
You knew the following spells:

 Your Spells              Type           Power        Failure   Level  Hunger
a - Beastly Appendage     Tmut           #.....       10%         1    #......

Your spell library contained the following spells:

 Spells                   Type           Power        Failure   Level  Hunger
 Sticks to Snakes         Tmut           #.......     14%         2    ###....
 Spider Form              Tmut/Pois      #.........   41%         3    ###....
 Ice Form                 Ice/Tmut       #.......     82%         4    #####..
 Blade Hands              Tmut           #.........   95%         5    ######.


Dungeon Overview and Level Annotations

Branches:
Dungeon (1/15)

Altars:


Innate Abilities, Weirdness & Mutations

You cannot wear most types of armour.
You are very stealthy in the water. (Stealth+)
You are amphibious.
You can wear up to eight rings at the same time.
You can use your tentacles to constrict eight enemies at once.
Your skin changes colour to match your surroundings (Stealth+).
Your rubbery body absorbs attacks. (AC +1, EV +1)


Message History

You tentacle-slap the leopard gecko. You grab the leopard gecko.
The leopard gecko is moderately wounded.
You constrict the leopard gecko. The leopard gecko bites you.
* * * LOW HITPOINT WARNING * * *
You tentacle-slap the kobold. Your grab misses the kobold.
You squeeze the kobold.
You kill the kobold!
You constrict the leopard gecko. The leopard gecko barely misses you.
You release your grip on the leopard gecko.
The leopard gecko barely misses you.
You see here a kobold corpse.
You barely miss the leopard gecko. Your grab misses the leopard gecko.
The leopard gecko is severely wounded.
The leopard gecko hisses menacingly.
The leopard gecko bites you.
* * * LOW HITPOINT WARNING * * *
You closely miss the leopard gecko. Your grab misses the leopard gecko.
The leopard gecko is severely wounded.
The leopard gecko bites you.
You die...

............[.. #
#..........### ..
####..........#.. $..
#.............#.. ....
##........^....
.....####..............
#......#............
####†.##.......>....
#@l###..........## #..#
#............
....##.............
.....................
..........#............
..........#####.#####..
...........
..........#.


You could see a leopard gecko.

Vanquished Creatures
  3 kobolds (D:1)
3 creatures vanquished.

Notes
Turn   | Place    | Note
-------+----------+-------------------------------------------
     0 | D:1      | Milting the Octopode Transmuter began the quest for the
                  | Orb.
     0 | D:1      | Reached XP level 1. HP: 13/13 MP: 3/3
    64 | D:1      | Slain by a leopard gecko

Illustrated notes

Levels and vault maps discovered:
D:1:      dpeg_arrival_rhombus, layout_rooms

Action                   || total
-------------------------++-------
Melee: Unarmed           ||    10
       Constrict         ||     2
       Tentacles         ||     2
Dodge: Dodged            ||     7
